Description

This is a double reaper, double cyclone herass, into double expand and Mech.

Disclaimer: this build was primarily uploaded for myself to use in overwolf :)

Build Order

Get SALT Encoding   

  12  0:00  SCV  
  13  0:13  SCV  
  14  0:18  Supply Depot  
  14  0:25  SCV  
  15  0:30  Refinery  
  15  0:40  SCV  
  16  0:47  Barracks  
  16  0:52  SCV  
  17  0:57  Refinery  
  17  1:04  SCV  
  18  1:16  SCV  
  19  1:28  SCV  
  20  1:42  Reaper  
  20  1:43  Factory  
  20  1:45  Orbital Command  
  21  1:58  Supply Depot  
  21  2:12  SCV  
  21  2:14  Reaper  
  22  2:24  SCV  
  22  2:28  Cyclone  
  26  2:31  Starport  
  27  2:39  Supply Depot  
  28  2:51  Barracks Tech Lab  
  28  3:01  Cyclone  
  32  3:06  Supply Depot  
  34  3:28  Raven  
  36  3:47  Factory Tech Lab, Barracks Reactor  
  35  3:55  Command Center  
  37  4:13  Command Center  
  38  4:18  Siege Tank  
  42  4:32  Engineering Bay  
  42  4:40  Viking x2  
  47  5:02  Supply Depot  
  48  5:07  Refinery x2  
  48  5:28  Factory x2  
  48  5:32  Orbital Command  
  49  5:40  Orbital Command  
  50  5:51  Siege Tank  
  50  5:56  Starport Reactor  
  58  6:12  Infernal Pre-Igniter  
  58  6:15  Hellion x3  
  68  6:38  Hellion x2  
  74  6:41  Orbital Command  
  73  6:47  Armory x2  
  73  6:50  Hellion x2  
  79  6:55  Viking x2  
  86  7:24  Siege Tank x2  
  93  7:51  Hellion x2  
  100  7:58  Factory x2  
  100  8:04  Siege Tank x2  
  109  8:13  Refinery  
  109  8:19  Refinery  
  106  8:39  Siege Tank x2  
  106  8:40  Hellion  
  111  9:00  Factory Reactor  
  111  9:01  Factory Tech Lab  
  111  9:11  Command Center  
Spawning Tool Build Advisor. Get it on Overwolf

Go to:

Details

  • Created by: Mithriel
  • Published on: Nov 26, 2017
  • Modified on: Dec 03, 2017
  • Patch: 4.0.0
Show
View Real Time Build Order
Export as new Build Order

Comments (0)

There are no comments. Be the first!

Create an account to comment!